 Dungeon Crawl Stone Soup version 0.31.0-11-ge490571c62 (webtiles) character file.

Game seed: 10669652464516784577

1096 qw the Skirmisher (level 8, 0/38 (45) HPs)
             Began as a Deep Elf Hunter on Feb 3, 2024.
             Slain by a wight
             ... wielding a +4 spear
              (2 damage)
             ... on level 6 of the Dungeon.
             The game lasted 00:00:23 (4020 turns).

qw the Skirmisher (Deep Elf Hunter)                 Turns: 4020, Time: 00:00:23

HP:   0/38 (45)     AC:  8    Str: 10    XL:     8   Next: 10%
MP:   10/10         EV: 11    Int: 17    God:
Gold: 99            SH:  5    Dex: 18    Spells: 7/7 levels left

rFire   . . .        a - +0 shortbow
rCold   . . .        (shield currently unavailable)
rNeg    . . .        e - +0 ring mail
rPois   .            j - +0 helmet
rElec   .            (no cloak)
rCorr   .            i - +1 pair of gloves
SInv    .            (no boots)
Will    .....        g - amulet of reflection
Stlth   +            h - +4 ring of slaying {mikee}
HPRegen 0.26/turn    o - ring "Futias" {Fly Int+2 Slay+4}
MPRegen 0.12/turn

%: reflection
@: flying, heavily drained
A: no striking features
a: no special abilities


You were on level 6 of the Dungeon.
You visited 1 branch of the dungeon, and saw 6 of its levels.
You also visited: Ossuary.

You collected 219 gold pieces.
You spent 120 gold pieces at shops.


   Skills:
 + Level 2.8 Fighting
 - Level 12.1 Ranged Weapons
 - Level 1.8 Armour
 - Level 3.4 Dodging
 - Level 1.2 Stealth


You had 7 spell levels left.
You didn't know any spells.
Your spell library was empty.

Inventory:

Hand Weapons
 a - a +0 shortbow (weapon)
Armour
 b - a +0 leather armour of fire resistance
 e - a +0 ring mail (worn)
 i - a +1 pair of gloves (worn)
 j - a +0 helmet (worn)
Jewellery
 g - an amulet of reflection (around neck)
 h - a +4 ring of slaying (left hand) {mikee}
 o - the ring "Futias" (right hand) {Fly Int+2 Slay+4}
   (You found it on level 2 of the Dungeon)

   [ring of flight]

   Int+2:     It affects your intelligence (+2).
   Slay+4:    It affects your accuracy & damage with ranged weapons and melee
   (+4).
   Fly:       It grants you flight.
Wands
 f - a wand of flame (29)
 m - a wand of light (18)
 n - a wand of mindburst (13)
Scrolls
 l - a scroll of teleportation
Potions
 d - 2 potions of mutation
 k - 4 potions of curing
 p - a potion of heal wounds

Dungeon Overview and Level Annotations

Branches:
Dungeon (6/15)            Ossuary (visited)
 Temple: D:4-7

Altars:
Cheibriados
Okawaru

Shops:
D:4 ([[

Annotations:
D:4 2 transporters
D:5 2 runed translucent doors


Message History

You shoot an arrow. The arrow closely misses the ogre.
A wight comes into view. It is wielding a +4 spear.
4005 ||| RETREEEEATING.
A wight comes into view. It is wielding a +3 hand axe.
4006 ||| RETREEEEATING.
The wight moves out of view.
4008 ||| RETREEEEATING.
4010 ||| RETREEEEATING.
The wight attacks as it pursues you! The wight completely misses you.
You shoot an arrow. The arrow hits the wight.
The wight is moderately damaged.
The wight barely misses you.
You shoot an arrow. The arrow hits the wight!
The wight is severely damaged.
You block the wight's attack.
You shoot an arrow. The arrow hits the wight!
You destroy the wight!
Your Ranged Weapons skill increases to level 12!
You have reached level 8!
You feel clever.
You shoot an arrow. The arrow hits the ogre!
The ogre is heavily wounded.
You block the ogre's attack.
You shoot an arrow. The arrow hits the ogre.
The ogre is severely wounded.
You shoot an arrow. The arrow hits the ogre!
You kill the ogre!
You shoot an arrow. The arrow completely misses the wight.
The wight hits you from afar with a +4 spear.
You feel drained.
You shoot an arrow. The arrow barely misses the wight.
The wight hits you with a +3 great sword!
You feel drained. The wight closely misses you.
You shoot an arrow. The arrow barely misses the wight.
The wight hits you with a +3 great sword!
You feel drained. The wight hits you but does no damage.
You shoot an arrow. The arrow closely misses the wight.
The wight misses you.
The wight hits you from afar with a +4 spear!
You feel drained.
You die...

...# ##### ...# #..
#...# ...# #.. #...#
...+ #... ##..<#
...#
#.....#....##...#
#............####
#....#######....##.
#......@.z..........
#....#z###.#....##..
#.. #.....#.#### #
#..O..#.. #.....#...
#.###z#.[.. ....
.......# #.###
###.#### ... ...


You could see 2 wights.

Vanquished Creatures
  An ogre (D:6)
  A black bear (D:4)
  A centaur (D:5)
  A burial acolyte (Ossuary)
  4 wights
  3 hounds
  A jelly (D:4)
  2 orc priests
  Terence (D:3)
  An iguana (D:5)
  A sleepcap (D:5)
  3 orc wizards
  Robin (D:3)
  3 gnolls (D:5)
  7 adders
  3 adder skeletons (Ossuary)
  3 dart slugs
  3 ribbon worms
  19 orcs
  6 endoplasms
  6 giant cockroaches
  6 hobgoblins
  7 jackals
  7 quokkas
  4 ball pythons
  2 ball python skeletons (Ossuary)
  6 bats
  6 frilled lizards
  10 goblins
  2 goblin zombies (D:4)
  A hobgoblin skeleton (Ossuary)
  4 kobolds
  A kobold skeleton (Ossuary)
  3 orc skeletons (Ossuary)
  6 rats
136 creatures vanquished.

Notes
Turn   | Place    | Note
-------+----------+-------------------------------------------
     0 | D:1      | qw the Deep Elf Hunter began the quest for the Orb.
     0 | D:1      | Reached XP level 1. HP: 12/12 MP: 3/3
     0 | D:1      | 0 ||| qw: Version: 0.3-a-157-g843a77d
     0 | D:1      | 0 ||| qw: Game counter: 3889
     0 | D:1      | 0 ||| qw: Melee chars always use a shield: true
     0 | D:1      | 0 ||| qw: God list: Okawaru
     0 | D:1      | 0 ||| qw: Allow faded altars: false
     0 | D:1      | 0 ||| qw: Do Orc after clearing Dungeon:15 true
     0 | D:1      | 0 ||| qw: Do second Lair branch before Depths: true
     0 | D:1      | 0 ||| qw: Lair rune preference: random
     0 | D:1      | 0 ||| qw: Goals: Normal
     0 | D:1      | 0 ||| PLANNING D:1-11
   100 | D:1      | Reached skill level 6 in Ranged Weapons
   100 | D:1      | Reached XP level 2. HP: 16/16 MP: 4/4
   374 | D:1      | Reached XP level 3. HP: 14/20 MP: 5/5
   737 | D:1      | 737 ||| UPGRADING to +1 pair of gloves.
   742 | D:1      | 742 ||| UPGRADING to amulet of reflection.
   747 | D:1      | 747 ||| UPGRADING to +4 ring of slaying {mikee}.
   748 | D:1      | 748 ||| READING scroll labelled XAREOQ WIRRY.
   749 | D:1      | 749 ||| READING scroll labelled IZXEHANNUP.
   749 | D:1      | 749 ||| IDENTIFYING purple potion
   750 | D:1      | 750 ||| READING scroll labelled AROXZI BURI.
   751 | D:1      | 751 ||| DROPPING scroll of butterflies.
   797 | D:2      | Reached skill level 7 in Ranged Weapons
   844 | D:2      | Found a snail-covered altar of Cheibriados.
  1023 | D:2      | Reached XP level 4. HP: 25/25 MP: 6/6
  1197 | D:2      | Identified the ring "Futias" {Fly Int+2 Slay+4}
  1229 | D:2      | 1229 ||| UPGRADING to +0 helmet.
  1234 | D:2      | 1234 ||| UPGRADING to ring "Futias" {Fly Int+2 Slay+4}.
  1235 | D:2      | 1235 ||| READING scroll of identify.
  1235 | D:2      | 1235 ||| IDENTIFYING 2 bubbling orange potions
  1236 | D:2      | 1236 ||| READING scroll labelled ELOIR YPSOPH.
  1237 | D:2      | 1237 ||| READING scroll labelled ZUATWYOROU.
  1238 | D:2      | 1238 ||| READING scroll labelled GEUQET ETZIYTA.
  1242 | D:2      | 1242 ||| DRINKING 2 lumpy amethyst potions.
  1243 | D:2      | 1243 ||| DRINKING 2 viscous emerald potions.
  1283 | D:2      | 1283 ||| DROPPING potion of magic.
  1284 | D:2      | 1284 ||| DROPPING potion of lignification.
  1601 | D:3      | Reached skill level 8 in Ranged Weapons
  1630 | D:3      | Noticed Robin
  1634 | D:3      | Killed Robin
  1635 | D:3      | Reached XP level 5. HP: 29/29 MP: 7/7
  1692 | D:3      | Noticed Terence
  1695 | D:3      | Killed Terence
  1696 | D:3      | Reached skill level 9 in Ranged Weapons
  2166 | D:3      | 2166 ||| UPGRADING to +0 ring mail.
  2176 | D:3      | 2176 ||| DROPPING +0 leather armour.
  2177 | D:3      | 2177 ||| READING scroll labelled ACODUN TUGA.
  2178 | D:3      | 2178 ||| READING scroll labelled TOGEMAIRCHI.
  2201 | D:4      | Found Cygris's Armour Emporium.
  2202 | D:4      | 2202 ||| PLANNING OSSUARY
  2207 | D:4      | 2207 ||| SHOPLISTING +1 pair of boots (149 gold, have 145).
  2207 | D:4      | 2207 ||| SHOPLISTING +1 ring mail of cold resistance (208
                  | gold, have 145).
  2230 | D:4      | Found a transporter.
  2278 | D:4      | Found Orghofeo's Antique Armour Boutique.
  2287 | D:4      | 2287 ||| BUYING glowing leather armour (120 gold).
  2287 | D:4      | Bought a glowing leather armour for 120 gold pieces
  2287 | D:4      | 2287 ||| SHOPLISTING glowing robe (88 gold, have 46).
  2287 | D:4      | 2287 ||| SHOPLISTING pair of runed boots (180 gold, have
                  | 46).
  2407 | D:4      | Noticed a black bear
  2415 | D:4      | Killed a black bear
  2416 | D:4      | Reached skill level 1 in Armour
  2416 | D:4      | Reached XP level 6. HP: 32/35 MP: 8/8
  2439 | D:4      | Found Zaewet's Antique Weapon Boutique.
  2444 | D:4      | 2444 ||| SHOPLISTING glowing sling (103 gold, have 66).
  2469 | D:4      | Found a sand-covered staircase.
  2480 | Ossuary  | Entered an ossuary
  2629 | Ossuary  | 2629 ||| RETREEEEATING.
  2630 | Ossuary  | 2630 ||| RETREEEEATING.
  2638 | Ossuary  | Reached skill level 10 in Ranged Weapons
  2638 | Ossuary  | Reached XP level 7. HP: 39/40 MP: 9/9
  2641 | Ossuary  | Reached skill level 3 in Dodging
  2724 | Ossuary  | 2724 ||| READING 3 scrolls of identify.
  2724 | Ossuary  | 2724 ||| IDENTIFYING fizzy black potion
  2725 | Ossuary  | 2725 ||| READING 2 scrolls of identify.
  2725 | Ossuary  | 2725 ||| IDENTIFYING scroll labelled TUSSAOJOCVI
  2726 | Ossuary  | 2726 ||| DROPPING scroll of immolation.
  2774 | D:4      | 2774 ||| PLANNING D:1-11
  2890 | D:4      | Found a transporter.
  3046 | D:4      | 3046 ||| READING scroll of identify.
  3046 | D:4      | 3046 ||| IDENTIFYING scroll labelled HUIFUO XETI
  3047 | D:4      | 3047 ||| DROPPING scroll of noise.
  3054 | D:5      | Entered Level 5 of the Dungeon
  3057 | D:5      | 3057 ||| STAIRDANCE
  3062 | D:5      | 3062 ||| STAIRDANCE
  3155 | D:5      | Found a runed translucent door.
  3157 | D:5      | Found a runed translucent door.
  3291 | D:5      | 3291 ||| FLEEEEING.
  3292 | D:5      | 3292 ||| FLEEEEING.
  3293 | D:5      | 3293 ||| FLEEEEING.
  3525 | D:5      | Reached skill level 11 in Ranged Weapons
  3798 | D:5      | 3798 ||| FLEEEEING.
  3803 | D:5      | 3803 ||| FLEEEEING.
  3805 | D:5      | 3805 ||| FLEEEEING.
  3806 | D:5      | 3806 ||| FLEEEEING.
  3807 | D:5      | 3807 ||| FLEEEEING.
  3808 | D:5      | 3808 ||| FLEEEEING.
  3809 | D:5      | 3809 ||| FLEEEEING.
  3810 | D:5      | 3810 ||| FLEEEEING.
  3811 | D:5      | 3811 ||| FLEEEEING.
  3812 | D:5      | 3812 ||| FLEEEEING.
  3813 | D:5      | 3813 ||| FLEEEEING.
  3814 | D:5      | 3814 ||| FLEEEEING.
  3979 | D:5      | 3979 ||| READING scroll of identify.
  3979 | D:5      | 3979 ||| IDENTIFYING scroll labelled RAOVID XARGHEPS
  3980 | D:5      | 3980 ||| DROPPING scroll of silence.
  3995 | D:6      | Found an iron altar of Okawaru.
  3996 | D:6      | 3996 ||| PLANNING OKAWARU WORSHIP
  4002 | D:6      | 4002 ||| RETREEEEATING.
  4005 | D:6      | 4005 ||| RETREEEEATING.
  4006 | D:6      | 4006 ||| RETREEEEATING.
  4008 | D:6      | 4008 ||| RETREEEEATING.
  4010 | D:6      | 4010 ||| RETREEEEATING.
  4014 | D:6      | Reached skill level 12 in Ranged Weapons
  4014 | D:6      | Reached XP level 8. HP: 44/44 MP: 10/10
  4020 | D:6      | HP: 2/40 [wight/+4 spear (12)]
  4020 | D:6      | Slain by a wight

Levels and vault maps discovered:
D:1:      lightli_arrival_flooded_house, layout_basic
D:2:      layout_basic, basic_altar, serial_bayou_ford_a,
          minmay_misc_feat_four_crosses
D:3:      layout_basic, uniq_terence, uniq_robin
D:4:      layout_gridville, enter_ossuary_4, serial_shops, shop_fountains,
          shop_fountains, nicolae_shop_drivethru, shop
D:5:      lemuel_insect_pit, layout_gridville
D:6:      layout_gridville, mainiacjoe_overflow_cross_hatched,
          lemuel_doored_altar, kb_rosetta

Skill      XL: |  1  2  3  4  5  6  7 |
---------------+----------------------+-----
Ranged Weapons | 6 7 8 9 10 12 | 12.1
Fighting       | 2 |  2.8
Armour         | 1 |  1.8
Dodging        | 3 |  3.4
Stealth        | |  1.2

Action                     |  1- 3 |  4- 6 |  7- 9 || total
---------------------------+-------+-------+-------++-------
   Fire: Shortbow          |   122 |   132 |   103 ||   357
    Use: Scroll            |     3 |     6 |     4 ||    13
         Potion            |       |     2 |       ||     2
 Armour: Leather armour    |    16 |     5 |       ||    21
         Ring mail         |       |     9 |    24 ||    33
  Dodge: Dodged            |    27 |    11 |    22 ||    60
  Block: Other             |       |     6 |    11 ||    17
         Reflection        |       |     2 |     2 ||     4

Table legend:
 A = Non-vault XP
 B = Vault XP
 C = Vault XP percentage of total XP
 D = Non-vault monster count
 E = Vault monster count
 F = Vault count percentage of total count
                 A         B        C        D         E       F
            +---------+---------+-------+---------+---------+-------
      Total |    1198 |     368 |  23.5 |     112 |      24 |  17.6
            +---------+---------+-------+---------+---------+-------
        D:1 |      54 |       0 |   0.0 |      32 |       0 |   0.0
        D:2 |      44 |       0 |   0.0 |      17 |       0 |   0.0
        D:3 |     144 |      62 |  30.1 |      19 |       8 |  29.6
        D:4 |     263 |       2 |   0.8 |      18 |       2 |  10.0
        D:5 |     482 |       0 |   0.0 |      24 |       0 |   0.0
        D:6 |     211 |       0 |   0.0 |       2 |       0 |   0.0
    Ossuary |       0 |     304 | 100.0 |       0 |      14 | 100.0
            +---------+---------+-------+---------+---------+-------
